 Dungeon Crawl Stone Soup version 0.23-a0-607-g760965b7 (webtiles) character file.

32 Firecrotchwizard the Skirmisher (level 3, -5/20 HPs)
             Began as a Vine Stalker Abyssal Knight on Dec 21, 2018.
             Was a Follower of Lugonu.
             Killed from afar by an orc wizard (6 damage)
             ... with a magic dart
             ... on level 2 of the Dungeon.
             The game lasted 00:03:45 (1418 turns).

Firecrotchwizard the Skirmisher (VSAK)              Turns: 1418, Time: 00:03:46

Health: -5/20      AC:  3    Str: 15    XL:     3   Next: 27%
Magic:  0/5        EV:  8    Int: 12    God:    Lugonu [*.....]
Gold:   40         SH:  7    Dex: 13    Spells: 2/2 levels left

rFire    . . .     SeeInvis .   l - +0 short sword (curse)
rCold    . . .     Gourm    .   f - +0 shield
rNeg     . . .     Faith    .   b - +0 leather armour
rPois    .         Spirit   +   (no helmet)
rElec    .         Reflect  .   (no cloak)
rCorr    .         Harm     .   (no gloves)
MR       .....                  (no boots)
Stlth    +.........             (no amulet)
HPRegen  0.06/turn              (no ring)
MPRegen  0.09/turn              (no ring)

@: no status effects
A: fangs 2, magic shield, antimagic bite, no potion heal 3, rot immunity
a: Depart the Abyss, Renounce Religion


You were on level 2 of the Dungeon.
You worshipped Lugonu.
Lugonu was aware of your devotion.
You were hungry.

You visited 1 branch of the dungeon, and saw 2 of its levels.
You visited the Abyss 1 time.

You collected 40 gold pieces.

Inventory:

Hand Weapons
 a - a +1 short sword
 d - a +0 hunting sling
   (You found it on level 1 of the Abyss)
 l - a cursed +0 short sword (weapon)
   (You found it on level 1 of the Dungeon)
Armour
 b - a +0 leather armour (worn)
 f - a +0 shield (worn)
   (You found it on level 1 of the Abyss)
 j - a cursed +0 chain mail
   (You found it on level 1 of the Dungeon)
Scrolls
 e - 3 scrolls of teleportation
 i - a scroll of enchant armour
 k - 2 scrolls of fear
Potions
 g - a potion of mutation {unknown}
 h - a potion of might {unknown}
 m - a potion of haste {unknown}
 o - a potion of ambrosia {unknown}
Comestibles
 c - 3 rations
 n - 2 chunks of flesh {@w0}


   Skills:
 + Level 3.0 Fighting
 * Level 2.6 Short Blades
 - Level 1.5 Armour
 - Level 0.7 Dodging
 + Level 2.3 Invocations


You had 2 spell levels left.
You didn't know any spells.
Your spell library was empty.

Dungeon Overview and Level Annotations

Branches:
Dungeon (2/15)

Altars:


Innate Abilities, Weirdness & Mutations

You have extremely sharp teeth.
When hurt, damage is shared between your health and your magic reserves.
Your bite disrupts and absorbs the magic of your enemies.
Potions cannot restore your health.
You are immune to rotting.


Message History

An orc comes into view. It is wielding a +0 hand axe.
The orc shouts!
You hear a shout! x2
An orc and an orc wizard come into view.
The orc wizard shouts!
The orc shouts!
An orc comes into view. It is wielding a +0 dagger.
You hit the orc but do no damage. Your bite misses the orc.
The orc barely misses you.
An orc comes into view. It is wielding a +0 flail.
The orc shouts!
You hit the orc. Your bite misses the orc. You barely miss the orc.
The orc hits you with a +0 hand axe.
You now have 4/5 mp.
You hit the orc.
You kill the orc!
Lugonu accepts your kill.
You hit the orc. Your bite misses the orc. The orc barely misses you.
You closely miss the orc. The orc completely misses you.
You closely miss the orc. Your bite misses the orc.
The orc hits you with a +0 dagger.
You take 1 damage, and have 19/20 hp.
You hit the orc but do no damage. The orc hits you with a +0 dagger.
You take 1 damage, and have 18/20 hp.
You barely miss the orc. You bite the orc. You drain its power.
You feel invigorated.
The orc wizard mumbles some strange words.
The orc wizard flickers and vanishes!
Deactivating autopickup; reactivate with Ctrl-A.
You block the orc's attack.
MP restored: 5 You closely miss the orc.
You bite the orc, but do no damage. The orc hits you with a +0 dagger.
You take 2 damage, and have 16/20 hp.
You now have 4/5 mp.
You hit the orc but do no damage.
You are feeling hungry.
The orc hits you with a +0 dagger.
You take 1 damage, and have 15/20 hp.
You closely miss the orc. Your bite misses the orc. The orc closely misses you.
You hit the orc. The orc hits you with a +0 dagger.
The orc hits you but does no damage.
You take 3 damage, and have 12/20 hp.
You hit the orc but do no damage. Your bite misses the orc.
The orc hits you with a +0 dagger.
You take 3 damage, and have 9/20 hp.
You now have 3/5 mp.
You hit the orc but do no damage. You block the orc's attack.
You hit the orc but do no damage. Your bite misses the orc.
You block the orc's attack.
You aren't carrying any items that you can evoke.
Okay, then.
Your shield prevents you from hitting the orc.
The orc hits you but does no damage.
You closely miss the orc. The orc hits you but does no damage.
You barely miss the orc. Your bite misses the orc.
The orc hits you but does no damage.
You closely miss the orc. You bite the orc.
You kill the orc!
Lugonu accepts your kill.
You hit something. You bite something. You drain its magic.
You feel invigorated. Something hits you.
You take 1 damage, and have 8/20 hp.
MP restored: 5 You closely miss something.
Your bite misses something. You miss something.
Something hits you but does no damage.
You closely miss something. Your bite misses something.
You hear some strange, mumbled words.
You are confused.
You miss something.
Something hits you but does no damage. x2
You miss something. Something hits you.
You take 1 damage, and have 7/20 hp.
You now have 4/5 mp.
You bump into the rock wall.
Something hits you.
* * * LOW HITPOINT WARNING * * *
You take 1 damage, and have 6/20 hp.
You now have 3/5 mp.
You see here a scroll labeled WEILOC HIASED.
You closely miss something. You hit the orc. You bite the orc.
You kill the orc!
Lugonu accepts your kill.
You feel less confused. You block something's attack.
You hit something. Something hits you but does no damage.
Your shield prevents you from hitting something.
You bite something. Something hits you.
* * * LOW HITPOINT WARNING * * *
You take 3 damage, and have 4/20 hp.
You now have 2/5 mp.
You hit something but do no damage. You bite something. You drain its magic.
You feel invigorated.
You hear some strange, mumbled words.
A puff of flame appears from out of thin air!
The puff of flame hits you!
* * * LOW HITPOINT WARNING * * *
You take 2 damage, and have 2/20 hp.
You completely miss something. Your bite misses something. Something hits you.
* * * LOW HITPOINT WARNING * * *
You take 1 damage, and have 1/20 hp.
You now have 1/5 mp.
You miss something. You bite something. You drain its magic.
You feel invigorated.
You closely miss something. Your bite misses something.
You hear some strange, mumbled words.
A magic dart appears from out of thin air!
The magic dart hits you!
You die...

..##.###...>...###
#####.# ##.....##
#.# ##...##
.######.## ?
........####....
#######.))..(...
#o####.... #{# .
#@# #.# #.# #.#
..# ###


You could see an orc.

Vanquished Creatures
  A dart slug (D:1)
  3 orcs (D:2)
  A giant cockroach (D:1)
  8 hobgoblins
  A kobold (D:1)
  4 bats (D:1)
  4 goblins (D:1)
  2 rats (D:1)
24 creatures vanquished.

Notes
Turn   | Place    | Note
-------+----------+-------------------------------------------
     0 | Abyss:1  | Firecrotchwizard the Vine Stalker Abyssal Knight began the
                  | quest for the Orb.
     0 | Abyss:1  | Reached XP level 1. HP: 11/11 MP: 3/3
     3 | Abyss:1  | Found a corrupted altar of Lugonu.
    50 | Abyss:1  | Noticed a wretched star
    51 | D:1      | Escaped the Abyss
    67 | D:1      | Reached * piety under Lugonu
    70 | D:1      | Reached skill level 2 in Short Blades
   281 | D:1      | Reached skill level 2 in Invocations
   281 | D:1      | Reached XP level 2. HP: 16/16 MP: 4/4
   378 | D:1      | HP: 4/16 [giant cockroach (2)]
  1055 | D:1      | Reached skill level 3 in Fighting
  1055 | D:1      | Reached XP level 3. HP: 20/20 MP: 5/5
  1414 | D:2      | HP: 4/20 [something (3)]
  1416 | D:2      | HP: 1/20 [something (1)]
  1418 | D:2      | Killed from afar by an orc wizard

Vault maps used:
D:1:      dpeg_arrival_chambers_temple_mockup
D:2:      nicolae_overflow_crystal_walls, first_ration, serial_bayou_pond_c
Abyss:1:  evilmike_abyss_exit_vortex

Skill      XL: |  1  2 |
---------------+-------+-----
Short Blades   | 2 |  2.6
Invocations    | 2 |  2.3
Fighting       | 3 |  3.0
Armour         | |  1.5
Dodging        | |  0.7

Action                   || total
-------------------------++-------
Melee: Short sword       ||    95
       Bite              ||    25
Invok: Depart the Abyss  ||     1
  Use: Scroll            ||     3
  Eat: Chunk             ||     1
Armor: Leather armour    ||    20
Dodge: Dodged            ||    18
Block: Shield            ||    20

Table legend:
 A = Non-vault XP
 B = Vault XP
 C = Vault XP percentage of total XP
 D = Non-vault monster count
 E = Vault monster count
 F = Vault count percentage of total count
                 A         B        C        D         E       F
            +---------+---------+-------+---------+---------+-------
      Total |      47 |       0 |   0.0 |      24 |       0 |   0.0
            +---------+---------+-------+---------+---------+-------
        D:1 |      36 |       0 |   0.0 |      20 |       0 |   0.0
        D:2 |      11 |       0 |   0.0 |       4 |       0 |   0.0
            +---------+---------+-------+---------+---------+-------

Vault maps used:
D:1:      dpeg_arrival_chambers_temple_mockup
D:2:      nicolae_overflow_crystal_walls, first_ration, serial_bayou_pond_c
Abyss:1:  evilmike_abyss_exit_vortex

Table legend:
 A = Turns spent in this place as a percentage of turns spent in the entire game.
 B = Non-inter-level travel turns spent in this place as a percentage of non-inter-level travel turns spent in the entire game.
 C = Inter-level travel turns spent in this place as a percentage of turns spent in this place.
 D = Turns resting spent in this place as a percentage of non-inter-level travel turns spent in this place.
 E = Turns spent auto-exploring this place as a percentage of non-inter-level travel turns spent in this place.
 F = Non-inter-level travel turns spent in this place divided by the number of levels of this place that you've seen.
                   A       B       C       D       E      F
               +-------+-------+-------+-------+-------+----------------------
         Total | 100.0 | 100.0 |   3.6 |  36.1 |  45.3 | 455.7
       Dungeon |  96.4 |  96.3 |   3.7 |  37.5 |  47.0 | 658.0
         Abyss |   3.6 |   3.7 |   0.0 |   0.0 |   0.0 |  51.0
               +-------+-------+-------+-------+-------+----------------------

Table legend:
 A = Kills in this place as a percentage of kills in entire the game.
 B = Kills by you in this place as a percentage of kills by you in the entire game.
 C = Kills by friends in this place as a percentage of kills by friends in the entire game.
 D = Other kills in this place as a percentage of other kills in the entire game.
 E = Experience gained in this place as a percentage of experience gained in the entire game.
 F = Experience gained in this place divided by the number of levels of this place that you have seen.
                   A       B       C       D       E      F
               +-------+-------+-------+-------+-------+----------------------
         Total | 100.0 | 100.0 |   N/A |   N/A | 100.0 |  15.7
       Dungeon | 100.0 | 100.0 |   N/A |   N/A | 100.0 |  23.5
               +-------+-------+-------+-------+-------+----------------------
